 Dungeon Crawl Stone Soup version 0.31-b1-22-gc680215f68 (webtiles) character file.

Game seed: 6458333592089105660

140 Arctor the Vexing (level 5, -3/41 HPs)
             Began as a Gnoll Hexslinger on Jan 18, 2024.
             Slain by Grinder (6 damage)
             ... on level 3 of the Dungeon.
             The game lasted 00:02:32 (1691 turns).

Arctor the Vexing (Gnoll Hexslinger)                Turns: 1691, Time: 00:02:33

Health: -3/41      AC:  3    Str:  7    XL:     5   Next: 23%
Magic:  9/9        EV: 14    Int: 13    God:
Gold:   123        SH:  5    Dex: 22    Spells: 8/10 levels left

rFire   . . .        a - +2 sling (freeze)
rCold   . . .        j - +0 buckler
rNeg    . . .        c - +0 robe
rPois   .            (no helmet)
rElec   .            l - +0 cloak
rCorr   .            (no gloves)
SInv    .            (no boots)
Will    .....        (no amulet)
Stlth   ++           n - +6 ring of dexterity
HPRegen 0.26/turn    (no ring)
MPRegen 0.11/turn

%: no passive effects
@: mighty
A: fangs 1, strong nose, distributed training
a: no special abilities


You were on level 3 of the Dungeon.
You visited 1 branch of the dungeon, and saw 3 of its levels.

You collected 123 gold pieces.

Inventory:

Hand Weapons
 a - a +2 sling of freezing (weapon)
 b - a +1 dagger of electrocution
 u - a +1 dagger of venom
Armour
 c - a +0 robe (worn)
 j - a +0 buckler (worn)
 k - a +0 cloak
 l - a +0 cloak (worn)
Jewellery
 n - a +6 ring of dexterity (left hand)
 v - an amulet of reflection
 w - a ring of protection from fire
Scrolls
 e - a scroll of blinking {unknown}
 h - 3 scrolls of enchant weapon
 m - a scroll of fog
 o - 2 scrolls of identify
 p - a scroll of poison
 q - a scroll of revelation {unknown}
 s - a scroll of teleportation
 t - 2 scrolls of amnesia {unknown}
Potions
 f - 3 potions of curing
 g - a potion of degeneration {unknown}
 i - 2 potions of attraction {unknown}
 r - a potion of mutation {unknown}


   Skills:
 + Level 3.0 Fighting
 + Level 1.4 Short Blades
 + Level 1.4 Long Blades
 + Level 1.4 Axes
 + Level 1.4 Maces & Flails
 + Level 1.4 Polearms
 + Level 1.4 Staves
 + Level 4.8 Ranged Weapons
 + Level 1.4 Throwing
 + Level 1.4 Armour
 + Level 4.8 Dodging
 + Level 1.4 Stealth
 + Level 1.4 Shields
 + Level 1.4 Unarmed Combat
 + Level 3.1 Spellcasting
 + Level 1.1 Conjurations
 + Level 5.5 Hexes
 + Level 1.1 Summonings
 + Level 1.1 Necromancy
 + Level 1.1 Translocations
 + Level 2.4 Fire Magic
 + Level 1.1 Ice Magic
 + Level 1.1 Air Magic
 + Level 1.1 Earth Magic
 + Level 1.1 Alchemy
 + Level 1.6 Invocations
 + Level 1.4 Evocations
 + Level 1.3 Shapeshifting


You had 8 spell levels left.
You knew the following spells:

 Your Spells              Type           Power      Damage    Failure   Level
a - Jinxbite              Hex            32%        N/A       6%          2

Your spell library contained the following spells:

 Spells                   Type           Power      Damage    Failure   Level
 Sigil of Binding         Hex            16%        N/A       12%         3
 Inner Flame              Hex/Fire       12%        N/A       22%         3
 Apportation              Tloc           10%        N/A       24%         1
 Necrotise                Necr           20%        1d5       24%         1
 Sting                    Conj/Alch      20%        1d4       24%         1
 Summon Small Mammal      Summ           20%        N/A       24%         1
 Lesser Beckoning         Tloc           10%        N/A       34%         2
 Cause Fear               Hex            8%         N/A       36%         4
 Gell's Gravitas          Tloc           5%         N/A       56%         3
 Teleport Other           Tloc           5%         N/A       56%         3
 Dimensional Bullseye     Hex/Tloc       5%         N/A       67%         4


Dungeon Overview and Level Annotations

Branches:
Dungeon (3/15)

Altars:

Shops:
D:2 =

Annotations:
D:3 Grinder


Innate Abilities, Weirdness & Mutations

You have very sharp teeth.
Your uncanny sense of smell can sniff out nearby items.
Your experience applies equally to all skills.


Message History

You shoot a sling bullet. The sling bullet hits Grinder.
Grinder is moderately wounded.
Grinder hits you!
You writhe in agony.
Grinder is nearby!
You shoot a sling bullet. The sling bullet hits Grinder.
Grinder is moderately wounded.
Grinder barely misses you.
You shoot a sling bullet. The sling bullet hits Grinder.
Grinder is moderately wounded.
Grinder barely misses you.
You shoot a sling bullet. The sling bullet hits Grinder.
Grinder is moderately wounded.
Grinder closely misses you. Grinder hits you!
You writhe in agony.
You shoot a sling bullet.
The sling bullet closely misses Grinder.
Grinder barely misses you.
You shoot a sling bullet.
The sling bullet closely misses Grinder.
Grinder hits you!
You writhe in agony.
* * * LOW HITPOINT WARNING * * *
You are too injured to fight recklessly!
It was a potion of might.
You feel very mighty all of a sudden. You block Grinder's attack.
It was a potion of curing.
You feel better. Grinder hits you!
* * * LOW HITPOINT WARNING * * *
You writhe in agony.
* * * LOW HITPOINT WARNING * * *
You feel better. Grinder gestures at you. Pain shoots through your body!
* * * LOW HITPOINT WARNING * * *
You feel better. Grinder completely misses you.
You shoot a sling bullet.
The sling bullet closely misses Grinder.
Grinder barely misses you. Grinder hits you.
* * * LOW HITPOINT WARNING * * *
You writhe in agony.
You die...
Grinder sighs, "Dead already?
I want a refund."

#.# #.# #.# ..#
#.# #!# #5# #@#
##.#
#..############
#.............#
#.###########.#
#. #.# #. #.#
#. #.# ## #.#


You could see Grinder.

Vanquished Creatures
  A scorpion (D:3)
  2 adders (D:2)
  A dart slug (D:1)
  A ribbon worm (D:2)
  An orc (D:2)
  4 endoplasms
  A giant cockroach (D:1)
  13 goblins
  8 hobgoblins
  7 kobolds
  2 quokkas
  5 ball pythons
  3 bats
  2 frilled lizards (D:2)
  4 rats
55 creatures vanquished.

Notes
Turn   | Place    | Note
-------+----------+-------------------------------------------
     0 | D:1      | Arctor the Gnoll Hexslinger began the quest for the Orb.
     0 | D:1      | Reached XP level 1. HP: 17/17 MP: 4/4
   110 | D:1      | Reached XP level 2. HP: 23/23 MP: 5/5
   438 | D:1      | Reached XP level 3. HP: 28/28 MP: 7/7
   909 | D:2      | Found Taexa's One-of-a-Kind Rings.
   991 | D:2      | Reached skill level 1 in Invocations
   995 | D:2      | Learned a level 2 spell: Jinxbite
  1125 | D:2      | Reached skill level 1 in Short Blades
  1125 | D:2      | Reached skill level 1 in Long Blades
  1125 | D:2      | Reached skill level 1 in Axes
  1125 | D:2      | Reached skill level 1 in Maces & Flails
  1125 | D:2      | Reached skill level 1 in Polearms
  1125 | D:2      | Reached skill level 1 in Staves
  1125 | D:2      | Reached skill level 1 in Throwing
  1125 | D:2      | Reached skill level 1 in Armour
  1125 | D:2      | Reached skill level 1 in Stealth
  1125 | D:2      | Reached skill level 1 in Shields
  1125 | D:2      | Reached skill level 1 in Unarmed Combat
  1125 | D:2      | Reached skill level 1 in Evocations
  1283 | D:2      | Reached skill level 1 in Shapeshifting
  1283 | D:2      | Reached XP level 4. HP: 34/34 MP: 8/8
  1453 | D:2      | Reached skill level 1 in Conjurations
  1453 | D:2      | Reached skill level 1 in Summonings
  1453 | D:2      | Reached skill level 1 in Necromancy
  1453 | D:2      | Reached skill level 1 in Translocations
  1453 | D:2      | Reached skill level 1 in Ice Magic
  1453 | D:2      | Reached skill level 1 in Air Magic
  1453 | D:2      | Reached skill level 1 in Earth Magic
  1453 | D:2      | Reached skill level 1 in Alchemy
  1549 | D:3      | Noticed a scorpion
  1556 | D:3      | Killed a scorpion
  1557 | D:3      | Reached XP level 5. HP: 34/41 MP: 9/9
  1676 | D:3      | Noticed Grinder
  1689 | D:3      | HP: 1/41 [Grinder/nerve-wracking pain (11)]
  1691 | D:3      | Slain by Grinder

Illustrated notes

Levels and vault maps discovered:
D:1:      minmay_arrival_up_and_down, layout_loops_ring, chequers_garden,
          chequers_avenue, dreamdust_wishing_well, amethyst_killhole
D:2:      layout_rooms, nicolae_shop_unique_rings, minmay_divided_ellipse
D:3:      layout_loops_ring, nzn_wu_jian_council_hall, uniq_grinder,
          uniq_terence

Skill      XL: |  1  2  3  4 |
---------------+-------------+-----
Fire Magic     | 2 |  2.4
Invocations    | 1 |  1.6
Short Blades   | 1 |  1.4
Long Blades    | 1 |  1.4
Axes           | 1 |  1.4
Maces & Flails | 1 |  1.4
Polearms       | 1 |  1.4
Staves         | 1 |  1.4
Throwing       | 1 |  1.4
Armour         | 1 |  1.4
Stealth        | 1 |  1.4
Shields        | 1 |  1.4
Unarmed Combat | 1 |  1.4
Evocations     | 1 |  1.4
Shapeshifting  | 1 |  1.3
Spellcasting   | 3 |  3.1
Conjurations   | 1 |  1.1
Summonings     | 1 |  1.1
Necromancy     | 1 |  1.1
Translocations | 1 |  1.1
Ice Magic      | 1 |  1.1
Air Magic      | 1 |  1.1
Earth Magic    | 1 |  1.1
Alchemy        | 1 |  1.1
Fighting       | 3 |  3.0
Ranged Weapons | |  4.8
Dodging        | |  4.8
Hexes          | |  5.5

Action                     |  1- 3 |  4- 6 || total
---------------------------+-------+-------++-------
   Fire: Sling             |    95 |    46 ||   141
    Use: Scroll            |     5 |       ||     5
         Potion            |       |     4 ||     4
 Armour: Robe              |    14 |    15 ||    29
  Dodge: Dodged            |    12 |    12 ||    24
  Block: Buckler           |     3 |     6 ||     9
